 Dungeon Crawl Stone Soup version 0.23.1-37-gaa34b87 (webtiles) character file.

Game seed: 6390693122435630799

59742 aze the Severer (level 14, -3/127 HPs)
             Began as a Deep Dwarf Fighter on Mar 21, 2019.
             Was a High Priest of Makhleb.
             Slain by an Executioner (16 damage)
             ... summoned by the player character
             ... on level 2 of the Lair of Beasts.
             The game lasted 00:35:49 (13138 turns).

aze the Severer (Deep Dwarf Fighter)               Turns: 13138, Time: 00:35:49

Health: -3/127     AC: 16    Str: 24    XL:     14   Next: 54%
Magic:  0/0        EV:  9    Int: 10    God:    Makhleb [*****.]
Gold:   1341       SH: 13    Dex: 16    Spells: 26/26 levels left

rFire    + . .     SeeInvis .   C - +1 hand axe (elec)
rCold    . . .     Gourm    .   c - +0 shield
rNeg     + . .     Faith    .   E - +0 plate armour
rPois    .         Spirit   .   (no helmet)
rElec    .         Reflect  .   k - +0 cloak
rCorr    .         Harm     .   (no gloves)
MR       ++...                  (no boots)
Stlth    ..........             (no amulet)
HPRegen  0.00/turn              B - +4 ring of dexterity
MPRegen  0.07/turn              U - ring of protection from fire

@: non-regenerating
A: damage resistance, heal wounds, negative energy resistance 1, sense
surroundings 2, no regeneration
a: Heal Wounds, Minor Destruction, Lesser Servant of Makhleb, Major Destruction,
Greater Servant of Makhleb, Renounce Religion


You were on level 2 of the Lair of Beasts.
You worshipped Makhleb.
Makhleb was extremely pleased with you.
You were not hungry.

You visited 4 branches of the dungeon, and saw 20 of its levels.
You also visited: Sewer.

You collected 1341 gold pieces.

Inventory:

Hand Weapons
 a - a +0 war axe
 C - a +1 hand axe of electrocution (weapon)
 T - a +0 giant spiked club
Armour
 b - a +0 scale mail
 c - a +0 shield (worn)
 k - a +0 cloak (worn)
 E - a +0 plate armour (worn)
Jewellery
 q - a +4 ring of intelligence
 z - an uncursed ring of resist corrosion
 B - a +4 ring of dexterity (left hand)
 K - an uncursed amulet of the gourmand
 U - a ring of protection from fire (right hand)
 W - an uncursed ring of stealth {unknown}
Wands
 w - a wand of paralysis (9)
 F - a wand of flame (15)
 G - a wand of iceblast (9)
 H - a wand of polymorph (10)
 S - a wand of random effects (18)
Scrolls
 e - 11 scrolls of remove curse
 h - 8 scrolls of identify
 l - 4 scrolls of teleportation
 n - 4 scrolls of blinking
 o - 2 scrolls of enchant armour
 u - 2 scrolls of enchant weapon
 y - 3 scrolls of magic mapping
 A - 2 scrolls of random uselessness
 D - 2 scrolls of fog
 J - a scroll of brand weapon
 L - 2 scrolls of amnesia {unknown}
 M - a scroll of immolation {unknown}
 N - 2 scrolls of torment {unknown}
 O - 2 scrolls of fear {unknown}
 Q - a scroll of noise {unknown}
Potions
 d - 2 potions of might
 g - 4 potions of invisibility
 i - 2 potions of agility
 j - 3 potions of flight
 m - a potion of curing
 p - 2 potions of mutation
 s - 3 potions of degeneration
 t - 3 potions of ambrosia
 v - 2 potions of lignification
Miscellaneous
 R - a lamp of fire
Comestibles
 f - 17 rations


   Skills:
 - Level 8.5 Fighting
 - Level 15.8 Axes
 - Level 12.0 Armour
 - Level 3.9 Dodging
 - Level 2.2 Stealth
 - Level 11.4 Shields
 * Level 6.5 Spellcasting
 - Level 12.0 Invocations


You had 26 spell levels left.
You didn't know any spells.
Your spell library contained the following spells:

 Spells                   Type           Power        Failure   Level  Hunger
 Apportation              Tloc           #.....       97%         1    None
 Beastly Appendage        Tmut           #.....       97%         1    None
 Confusing Touch          Hex            #.....       97%         1    None
 Corona                   Hex            #......      97%         1    None
 Summon Butterflies       Summ           #.......     97%         1    None
 Slow                     Hex            #.......     99%         2    ##.....
 Sticks to Snakes         Tmut           #.......     99%         2    ##.....
 Confuse                  Hex            #.......     100%        3    ###....
 Gell's Gravitas          Tloc           #.........   100%        3    ###....
 Inner Flame              Hex/Fire       #.......     100%        3    ###....
 Lesser Beckoning         Tloc           #.........   100%        3    ###....
 Portal Projectile        Hex/Tloc       #.....       100%        3    ###....
 Spider Form              Tmut/Pois      #.........   100%        3    ###....
 Tukima's Dance           Hex            #.......     100%        3    ###....
 Cause Fear               Hex            #.........   100%        4    ####...
 Ice Form                 Ice/Tmut       #.......     100%        4    ####...
 Leda's Liquefaction      Hex/Erth       #.........   100%        4    ####...
 Petrify                  Tmut/Erth      #.......     100%        4    ####...
 Summon Lightning Spire   Summ/Air       #.......     100%        4    ####...
 Alistair's Intoxication  Tmut/Pois      #.......     100%        5    ######.
 Blade Hands              Tmut           #.........   100%        5    ######.
 Metabolic Englaciation   Hex/Ice        #.........   100%        5    ######.
 Silence                  Hex/Air        #.........   100%        5    ######.
 Yara's Violent Unravell  Hex/Tmut       #.........   100%        5    ######.
 Conjure Ball Lightning   Conj/Air       #.........   100%        6    #######
 Deflect Missiles         Chrm/Air       #.........   100%        6    #######
 Invisibility             Hex            #.......     100%        6    #######
 Tornado                  Air            #.........   100%        9    #######


Dungeon Overview and Level Annotations

Branches:
Dungeon (15/15)            Temple (1/1) D:5            Lair (2/6) D:11
  Swamp (0/4) Lair:2        Snake (0/4) Lair:2          Orc (2/2) D:9
 Vaults (0/5) D:13         Depths (0/5) D:15
    Elf: Orc:2

Altars:
Cheibriados
Elyvilon
Fedhas
Gozag
Makhleb
Okawaru
Qazlal
Sif Muna
Uskayaw
Wu Jian
Yredelemnul
Beogh

Shops:
D:6 %   D:8 [   D:9 (   D:10 %   D:12 }

Portals:
Trove: D:15 (give +6 demon trident)

Annotations:
D:5 Prince Ribbit


Innate Abilities, Weirdness & Mutations

You are resistant to damage.
You can heal yourself by infusing magical energy.
You resist negative energy. (rN+)
You passively map the area around you.
You do not regenerate.


Message History

The Executioner hits you.
* * * LOW HITPOINT WARNING * * *
The Executioner hits you but does no damage.
The Executioner gestures at you. You resist with almost no effort.
You block the black bear's attack. x3
You block the Executioner's attack.
The Executioner hits you but does no damage.
The Executioner barely misses you. You block the Executioner's attack.
The Executioner hits you but does no damage.
The Executioner hits you.
* * * LOW HITPOINT WARNING * * *
The Executioner hits you but does no damage. x2
The Executioner completely misses you. You block the Executioner's attack. x2
The Executioner hits you but does no damage.
You hit the porcupine.
The porcupine is moderately wounded.
You barely miss the Executioner. You hit the black bear.
The Executioner hits you!!
You die...

,
.....>.....##.........
, ,
...........#P.........
, *,#.....,
#............ , * *
....., #.).)........ ,
*
####...###...#.#.#.###
, ............).## # *
, ...........†..#
#......h1.....# *
#......@r....## *
#............#
#............# ,
#.....#......#
#...###......## * * *
, #...* ##......##. *
* , *... #.........
,,, * ..,,,
*#.........,, * , * ,
, #.§.§#.#.P. , *


You could see an Executioner, a black bear and a porcupine.

Vanquished Creatures
  Jorgrun (D:15)
  An orc warlord (Orc:2)
  A stone giant (Orc:1)
  Snorg (D:13)
  Josephine (D:10)
  2 ogre magi (D:15)
  2 death knights
  2 centaur warriors
  13 two-headed ogres
  A vampire mage (D:15)
  4 skeletal warriors
  A wolf spider zombie (D:14)
  A phantasmal warrior (D:12)
  21 ugly things
  2 necromancers
  3 cyclopes
  2 manticores
  2 centaur zombies
  A gargoyle (D:12)
  Joseph (Lair:1)
  A spiny frog (Lair:2)
  4 centaur skeletons
  A spriggan zombie (D:15)
  2 komodo dragons
  A kobold demonologist (D:11)
  2 efreet
  A freezing wraith (D:15)
  A tengu conjurer (D:11)
  A hornet (D:9)
  Grinder (D:5)
  4 trolls
  3 hippogriffs
  12 slime creatures
  4 wraiths (D:10)
  A shadow (D:13)
  2 basilisks
  2 wyverns
  3 humans (D:9)
  4 yaks (D:11)
  3 vampire mosquitoes (D:13)
  4 hungry ghosts
  4 wargs
  A tengu zombie (D:15)
  3 nagas (Lair:2)
  A porcupine (Lair:2)
  14 orc warriors
  3 sky beasts
  A necrophage (D:9)
  5 phantoms
  An ice beast (D:8)
  9 ogres
  6 centaurs
  5 crocodiles
  3 big kobolds
  9 bullfrogs
  A gnoll sergeant (D:8)
  A scorpion (D:13)
  3 wights (D:14)
  27 killer bees
  An electric eel (D:6)
  8 howler monkeys
  A bullfrog zombie (D:12)
  4 crimson imps
  5 jellies
  A quasit (D:6)
  4 hounds
  10 orc priests
  5 iguanas
  5 worker ants
  Ijyb (D:5)
  20 orc wizards
  A hound zombie (D:6)
  9 adders
  7 gnolls
  2 shadow imps
  An ooze (D:1)
  An adder zombie (D:7)
  3 adder skeletons
  4 worms
  3 dart slugs
  11 leopard geckos
  59 orcs
  A ball python (D:5)
  5 giant cockroaches
  10 goblins
  4 hobgoblins
  16 jackals
  5 quokkas
  8 bats
  6 frilled lizards
  17 kobolds
  A leopard gecko skeleton (D:4)
  A leopard gecko zombie (D:5)
  A quokka skeleton (D:5)
  10 rats
  A plant (D:8)
469 creatures vanquished.

Vanquished Creatures (collateral kills)
  An orc warlord (Orc:1)
  A quicksilver dragon zombie (D:15)
  2 hydras (Lair:1)
  2 tengu warriors (D:15)
  2 two-headed ogres (D:15)
  A spark wasp zombie (D:15)
  2 orc knights
  A phantasmal warrior (D:15)
  An ugly thing (D:15)
  A gargoyle (D:15)
  A komodo dragon (D:15)
  A freezing wraith (D:15)
  A kobold demonologist (D:15)
  2 spiny frogs (Lair:1)
  3 trolls
  4 slime creatures (D:15)
  A wraith (D:15)
  An acid dragon (D:12)
  2 orc warriors
  An ogre (D:15)
  2 crocodiles (Lair:1)
  A bullfrog (Lair:1)
  A gnoll shaman (Orc:1)
  An orc wizard (Orc:2)
  An orc priest (Orc:1)
  5 gnolls (Orc:1)
  9 orcs
51 creatures vanquished.

Vanquished Creatures (others)
  An orc wizard (Orc:1)
  11 withered plants (D:15)
12 creatures vanquished.

Grand Total: 532 creatures vanquished

Notes
Turn   | Place    | Note
-------+----------+-------------------------------------------
     0 | D:1      | aze the Deep Dwarf Fighter began the quest for the Orb.
     0 | D:1      | Reached XP level 1. HP: 20/20 MP: 1/1
   191 | D:1      | Reached XP level 2. HP: 21/27 MP: 1/3
   250 | D:1      | Reached skill level 1 in Spellcasting
   332 | D:1      | Reached XP level 3. HP: 19/34 MP: 5/5
   885 | D:2      | Reached skill level 3 in Axes
   887 | D:2      | Reached XP level 4. HP: 37/42 MP: 6/6
   996 | D:2      | Noticed a phantom
  1027 | D:2      | Killed a phantom
  1027 | D:2      | Reached skill level 4 in Axes
  1027 | D:2      | Reached XP level 5. HP: 49/49 MP: 6/8
  1261 | D:3      | Reached skill level 1 in Dodging
  1261 | D:3      | Reached XP level 6. HP: 34/56 MP: 9/9
  1346 | D:3      | Reached skill level 5 in Axes
  1363 | D:3      | Found a blossoming altar of Fedhas.
  2169 | D:4      | Found a glowing drain.
  2204 | Sewer    | Entered a sewer
  2947 | D:5      | Entered Level 5 of the Dungeon
  2947 | D:5      | Found a staircase to the Ecumenical Temple.
  2970 | D:5      | Noticed Grinder
  2973 | Temple   | Entered the Ecumenical Temple
  2983 | Temple   | Became a worshipper of Makhleb the Destroyer
  3013 | D:5      | Paralysed by Grinder for 6 turns
  3022 | D:5      | Paralysed by Grinder for 4 turns
  3030 | D:5      | Paralysed by Grinder for 7 turns
  3046 | D:5      | Killed Grinder
  3046 | D:5      | Reached skill level 6 in Axes
  3046 | D:5      | Reached XP level 7. HP: 61/62 MP: 9/11
  3099 | D:5      | Found a basalt altar of Yredelemnul.
  3099 | D:5      | Found an iron altar of Okawaru.
  3099 | D:5      | Found an opulent altar of Gozag.
  3107 | D:5      | Noticed Ijyb
  3109 | D:5      | Paralysed by Ijyb for 7 turns
  3128 | D:5      | Killed Ijyb
  3187 | D:5      | Noticed Prince Ribbit
  3269 | D:6      | Found Miut's Food Shop.
  3346 | D:6      | Reached skill level 1 in Invocations
  3460 | D:6      | Reached skill level 7 in Axes
  3597 | D:6      | Reached XP level 8. HP: 63/69 MP: 12/12
  3633 | D:6      | Reached * piety under Makhleb
  4149 | D:6      | Found a deep blue altar of Sif Muna.
  4180 | D:7      | Reached skill level 8 in Axes
  4334 | D:7      | Found a hide-covered altar of Uskayaw.
  4930 | D:8      | Reached skill level 5 in Shields
  4937 | D:8      | Reached skill level 5 in Armour
  4939 | D:8      | Reached skill level 9 in Axes
  4947 | D:8      | Reached ** piety under Makhleb
  5037 | D:8      | Found Dogufeul's Antique Armour Shop.
  5062 | D:8      | Gained mutation: You passively map the area around you.
                  | [Deep Dwarf growth]
  5062 | D:8      | Reached XP level 9. HP: 57/78 MP: 11/11
  5175 | D:8      | Reached skill level 10 in Axes
  5294 | D:8      | Found a snail-covered altar of Cheibriados.
  5553 | D:8      | Found a flagged portal.
  5751 | D:9      | Reached skill level 11 in Axes
  5753 | D:9      | Reached *** piety under Makhleb
  5794 | D:9      | Reached skill level 5 in Invocations
  5836 | D:9      | Found a staircase to the Orcish Mines.
  5870 | D:9      | Found Favegi's Weapon Shop.
  5930 | D:9      | Paralysed by a hornet for 3 turns
  5936 | D:9      | Paralysed by a hornet for 2 turns
  6060 | D:9      | Noticed a purple ugly thing
  6069 | D:9      | Killed a purple ugly thing
  6069 | D:9      | Reached XP level 10. HP: 87/87 MP: 11/11
  6153 | D:9      | Found an ornate altar of the Wu Jian Council.
  6212 | D:9      | Found a roughly hewn altar of Beogh.
  6350 | D:10     | Entered Level 10 of the Dungeon
  6492 | D:10     | Reached skill level 12 in Axes
  6745 | D:10     | Found Vuirgh's Food Shoppe.
  6757 | D:10     | Noticed Josephine
  6769 | D:10     | Reached skill level 5 in Fighting
  6781 | D:10     | Killed Josephine
  6997 | D:10     | Reached **** piety under Makhleb
  7039 | D:10     | Reached XP level 11. HP: 96/96 MP: 12/12
  7254 | D:11     | Reached skill level 13 in Axes
  7666 | D:11     | Found a staircase to the Lair.
  7968 | D:12     | Reached ***** piety under Makhleb
  8050 | D:12     | Noticed a two-headed ogre
  8065 | D:12     | Killed a two-headed ogre
  8131 | D:12     | Found Gumeghou's Gadget Boutique.
  8210 | D:12     | Reached skill level 14 in Axes
  8226 | D:12     | Noticed a phantasmal warrior
  8227 | D:12     | Noticed a two-headed ogre
  8243 | D:12     | Killed a two-headed ogre
  8244 | D:12     | Killed a phantasmal warrior
  8247 | D:12     | Noticed a death knight
  8248 | D:12     | Noticed a skeletal warrior
  8249 | D:12     | Noticed a skeletal warrior
  8283 | D:12     | Reached XP level 12. HP: 94/105 MP: 9/9
  8289 | D:12     | Killed a death knight
  8606 | D:13     | Noticed Snorg
  8617 | D:13     | Killed Snorg
  8707 | D:13     | Found a gate leading to a gauntlet.
  8752 | D:13     | You fall through a shaft for 2 floors!
  8752 | D:15     | Entered Level 15 of the Dungeon
  8752 | D:15     | Found a staircase to the Depths.
  8752 | D:15     | Noticed Jorgrun
  8752 | D:15     | Noticed a tengu warrior
  8752 | D:15     | Noticed a two-headed ogre
  8752 | D:15     | Noticed a two-headed ogre
  8753 | D:15     | Noticed a vampire mage
  8754 | D:15     | Noticed a two-headed ogre
  8756 | D:15     | Noticed a tengu warrior
  8756 | D:15     | Noticed an ogre mage
  8778 | D:15     | Noticed a two-headed ogre
  8886 | D:15     | Reached skill level 10 in Armour
  8990 | D:15     | Noticed a two-headed ogre
  8996 | D:15     | Noticed an ogre mage
  9001 | D:15     | Killed a two-headed ogre
  9014 | D:15     | Noticed a two-headed ogre
  9016 | D:15     | Killed an ogre mage
  9016 | D:15     | Reached skill level 10 in Invocations
  9023 | D:15     | Killed a two-headed ogre
  9031 | D:15     | Killed a two-headed ogre
  9031 | D:15     | Reached skill level 10 in Shields
  9032 | D:15     | Noticed a two-headed ogre
  9032 | D:15     | Noticed a two-headed ogre
  9041 | D:15     | Killed a two-headed ogre
  9056 | D:15     | Killed a two-headed ogre
  9103 | D:15     | Killed a tengu warrior
  9103 | D:15     | Reached XP level 13. HP: 61/115 MP: 9/9
  9120 | D:15     | Reached skill level 15 in Axes
  9133 | D:15     | Killed Jorgrun
  9141 | D:15     | Found a portal to a secret trove of treasure.
  9285 | D:15     | Reached skill level 1 in Stealth
  9369 | D:15     | Noticed a jiangshi
  9404 | D:15     | Noticed a jiangshi
  9421 | D:15     | HP: 4/117 [skeletal warrior/+0 halberd (25)]
 10358 | D:14     | Gained mutation: You resist negative energy. (rN+) [Deep
                  | Dwarf growth]
 10358 | D:14     | Reached XP level 14. HP: 121/126 MP: 3/3
 11429 | D:13     | Found a gate to the Vaults.
 11610 | Orc:1    | Entered Level 1 of the Orcish Mines
 11618 | Orc:1    | Noticed an orc warlord
 11639 | Orc:1    | Noticed a stone giant
 11666 | Orc:1    | Killed an orc warlord
 11692 | Orc:1    | Killed a stone giant
 11949 | Orc:2    | Entered Level 2 of the Orcish Mines
 11962 | Orc:2    | Reached skill level 5 in Spellcasting
 11972 | Orc:2    | Noticed an orc warlord
 11993 | Orc:2    | Killed an orc warlord
 12317 | Lair:1   | Entered Level 1 of the Lair of Beasts
 12317 | Lair:1   | Noticed Joseph
 12328 | Lair:1   | Killed Joseph
 13080 | Lair:2   | Found a staircase to the Swamp.
 13096 | Lair:2   | Found a staircase to the Snake Pit.
 13128 | Lair:2   | Noticed an Executioner
 13138 | Lair:2   | Slain by an Executioner

Skill      XL: |  1  2  3  4  5  6  7  8  9 10 11 12 13 14 |
---------------+-------------------------------------------+-----
Fighting       | 3 4 5 6 7 8 |  8.5
Spellcasting   | 1 2 3 6 |  6.5
Axes           | 3 4 6 7 9 11 12 14 15 | 15.8
Dodging        | 1 2 3 |  3.9
Shields        | 4 5 6 8 10 11 | 11.4
Armour         | 4 5 6 7 8 10 11 12 | 12.0
Invocations    | 1 3 5 7 8 10 11 12 | 12.0
Stealth        | 2 |  2.2

Action                   |  1- 3 |  4- 6 |  7- 9 | 10-12 | 13-15 || total
-------------------------+-------+-------+-------+-------+-------++-------
Melee: War axe           |   100 |   255 |   128 |       |       ||   483
       Hand axe          |       |       |   303 |   714 |   622 ||  1639
Invok: Lesser Servant of |       |       |       |     4 |    20 ||    24
       Minor Destruction |       |       |       |     1 |       ||     1
       Greater Servant o |       |       |       |       |     4 ||     4
 Abil: Heal Wounds       |     1 |     7 |    17 |    38 |    82 ||   145
Evoke: Wand              |       |       |     1 |       |       ||     1
  Use: Scroll            |       |       |       |    17 |     4 ||    21
       Potion            |       |       |       |       |    11 ||    11
 Stab: Distracted        |       |       |       |       |     5 ||     5
  Eat: Ration            |       |     1 |     2 |     4 |     2 ||     9
       Chunk             |       |     4 |     7 |     2 |     6 ||    19
Armor: Scale mail        |    49 |   125 |    68 |       |       ||   242
       Plate armour      |       |       |   107 |   251 |   312 ||   670
Dodge: Dodged            |    51 |    82 |   106 |   132 |   202 ||   573
Block: Shield            |    74 |   156 |   192 |   398 |   443 ||  1263
